 Dungeon Crawl Stone Soup version 0.31-a0-1005-gfbdfbacc72 (webtiles) character file.

Game seed: 932731474019054720

449 night the Caller (level 6, -3/73 (78) HPs)
             Began as a Draconian Summoner on Nov 11, 2023.
             Slain by a wight
             ... wielding a +0 scimitar
              (4 damage)
             ... on level 6 of the Dungeon.
             The game lasted 00:09:04 (3184 turns).

night the Caller (Draconian Summoner)               Turns: 3184, Time: 00:09:04

HP:   -3/73 (78)    AC: 23    Str: 11    XL:     6   Next: 74%
MP:   7/12          EV:  2    Int: 17    God:
Gold: 155           SH:  3    Dex: 11    Spells: 4/13 levels left

rFire   . . .        c - +0 spear (spect)
rCold   . . .        b - +0 buckler
rNeg    . . .        (body armour unavailable)
rPois   +            (helmet currently unavailable)
rElec   .            m - melded +0 cloak
rCorr   .            (gloves currently unavailable)
SInv    +            (boots currently unavailable)
Will    .....        (no amulet)
Stlth   ++           j - ring of see invisible
HPRegen 0.32/turn    (no ring)
MPRegen 0.13/turn

%: no passive effects
@: mighty, brilliant, tree-form, attractive, drained
A: stationary, stasis, torment immunity, boosted hp, AC +6, unfitting armour,
(cold-blooded), (claws 1), wild magic 1, MP-powered wands
a: no special abilities


You were on level 6 of the Dungeon.
You were a tree.
You visited 1 branch of the dungeon, and saw 5 of its levels.

You collected 155 gold pieces.

Inventory:

Hand Weapons
 c - a +0 spectral spear (weapon)
Missiles
 f - 42 stones
 o - 11 poisoned darts
 y - 5 atropa-tipped darts
Armour
 b - a +0 buckler (worn)
 m - a +0 cloak (melded)
Jewellery
 g - an amulet of guardian spirit
 j - a ring of see invisible (left branch)
 x - a ring of wizardry
Scrolls
 h - 2 scrolls of amnesia
 i - a scroll of fear
 r - a scroll of enchant armour
Potions
 e - a potion of lignification
 l - a potion of attraction
 p - 2 potions of brilliance
 q - a potion of enlightenment {unknown}
 t - a potion of curing {unknown}
 u - a potion of cancellation {unknown}
 v - a potion of heal wounds {unknown}
 z - a potion of ambrosia {unknown}
 A - a potion of experience {unknown}


   Skills:
 + Level 4.3 Fighting
 - Level 1.7 Dodging
 - Level 1.7 Stealth
 + Level 4.1 Spellcasting
 + Level 5.7 Summonings


You had 4 spell levels left.
You knew the following spells:

 Your Spells              Type           Power      Damage    Failure   Level
a - Summon Small Mammal   Summ           100%       N/A       4%          1
b - Call Imp              Summ           88%        N/A       5%          2
c - Call Canine Familiar  Summ           44%        N/A       11%         3
d - Summon Guardian Gole  Hex/Summ       25%        N/A       30%         3

Your spell library contained the following spells:

 Spells                   Type           Power      Damage    Failure   Level
 Magic Dart               Conj           24%        1d4       30%         1
 Lesser Beckoning         Tloc           12%        N/A       43%         2
 Searing Ray              Conj           12%        2d4       43%         2
 Gell's Gravitas          Tloc           6%         N/A       65%         3
 Inner Flame              Hex/Fire       6%         N/A       65%         3
 Teleport Other           Tloc           6%         N/A       65%         3
 Summon Lightning Spire   Summ/Air       25%        N/A       65%         4
 Fulminant Prism          Conj/Hex       3%         3d5       95%         4
 Yara's Violent Unravell  Hex/Tmut       3%         3d4       100%        5
 Enfeeble                 Hex            3%         N/A       100%        7


Dungeon Overview and Level Annotations

Branches:
Dungeon (4/15)
 Temple: D:4-7

Altars:
Ru


Innate Abilities, Weirdness & Mutations

You are a tree.
Your roots penetrate the ground, keeping you stationary.
You cannot be teleported.
You are immune to unholy pain and torment.
Your maximum health is greatly increased.
Your equipment is partially melded.
((Your plain brown scales are hard. (AC +6)))
You cannot fit into any form of body armour.
((You are cold-blooded and may be slowed by cold attacks.))
((You have sharp fingernails.))
Your spells are a little harder to cast, but a little more powerful.
You expend magic power (3 MP) to strengthen your wands.


Message History

* * * LOW HITPOINT WARNING * * *
You feel drained.
* * * LOW HITPOINT WARNING * * *
The wight hits you but does no damage.
Your hound closely misses the wight.
Your cerulean imp hits the wight but does no damage.
Unknown command.
You closely miss the wight.
The wight is moderately damaged.
Your +0 spectral spear completely misses the wight.
Your bat barely misses the wight.
Your hound bites the wight but does no damage.
The wight hits you with a +0 short sword.
* * * LOW HITPOINT WARNING * * *
The wight hits you with a +0 scimitar.
* * * LOW HITPOINT WARNING * * *
Your rat bites the wight but does no damage.
Your cerulean imp barely misses the wight.
It was a potion of brilliance.
You feel clever all of a sudden.
Your +0 spectral spear disappears.
Your hound bites the wight.
The wight hits you with a +0 short sword.
* * * LOW HITPOINT WARNING * * *
Your bat closely misses the wight.
The wight hits you with a +0 scimitar.
* * * LOW HITPOINT WARNING * * *
Your hound bites the wight.
Your cerulean imp hits the wight but does no damage.
Your rat barely misses the wight.
It was a potion of attraction.
You feel attractive to monsters.
Your bat hits the wight but does no damage.
Your hound closely misses the wight.
The wight hits you but does no damage. x2
Your rat bites the wight.
Your cerulean imp barely misses the wight.
It was a potion of mutation.
You feel extremely strange.
Your fingernails lengthen.
You feel less in control of your magic.
You feel your magical essence link to the dungeon's wands.
Your bat barely misses the wight.
Your hound closely misses the wight.
The wight hits you but does no damage. The wight hits you with a +0 scimitar.
You die...

###### ..
#....#
....#..h5#
......)†)zr#
......#..z♣#
......#.b.##
##### #...#
#.... #....#
#....#
#....# #...


You could see 2 wights, a friendly hound (summoned), a friendly cerulean imp
(summoned), a friendly bat (summoned) and a friendly rat (summoned).

Vanquished Creatures
  An ogre (D:6)
  A hound (D:4)
  Natasha (D:4)
  A gnoll (D:1)
  An adder (D:4)
  A dart slug (D:1)
  2 ball pythons
  2 endoplasms (D:2)
  A giant cockroach (D:3)
  8 goblins
  2 hobgoblins
  A jackal (D:4)
  A quokka (D:2)
  A bat (D:3)
  A frilled lizard (D:3)
  2 kobolds
  A rat (D:2)
28 creatures vanquished.

Vanquished Creatures (collateral kills)
  A bullfrog (D:6)
  A wight (D:6)
  Jessica (D:2)
  Natasha (twice) (D:4)
  Robin (D:2)
  An adder (D:3)
  2 ufetubi (D:4)
  A worm (D:2)
  2 orcs
  4 ball pythons
  A giant cockroach (D:3)
  4 goblins (D:2)
  6 hobgoblins
  3 jackals (D:4)
  A quokka (D:1)
  2 bats
  4 kobolds
  2 rats
39 creatures vanquished.

Grand Total: 67 creatures vanquished

Notes
Turn   | Place    | Note
-------+----------+-------------------------------------------
     0 | D:1      | night the Draconian Summoner began the quest for the Orb.
     0 | D:1      | Reached XP level 1. HP: 14/14 MP: 3/3
   144 | D:1      | Reached skill level 1 in Fighting
   144 | D:1      | Reached XP level 2. HP: 8/23 MP: 3/5
   150 | D:1      | Learned a level 2 spell: Call Imp
  1205 | D:2      | Reached XP level 3. HP: 28/28 MP: 3/6
  1286 | D:2      | Noticed Jessica
  1309 | D:2      | Killed Jessica
  1310 | D:2      | Reached skill level 2 in Fighting
  1310 | D:2      | Reached XP level 4. HP: 36/36 MP: 3/8
  1368 | D:2      | Noticed Robin
  1399 | D:2      | Killed Robin
  1477 | D:2      | Found a sacrificial altar of Ru.
  1814 | D:3      | HP: 5/37 [poisoned by a kobold]
  2401 | D:3      | Learned a level 3 spell: Call Canine Familiar
  2485 | D:3      | Learned a level 3 spell: Summon Guardian Golem
  2586 | D:4      | Reached XP level 5. HP: 39/44 MP: 5/9
  2753 | D:4      | Noticed Natasha
  2759 | D:4      | Killed Natasha
  2760 | D:4      | Reached skill level 5 in Summonings
  2820 | D:4      | Noticed Natasha
  2826 | D:4      | Killed Natasha
  2885 | D:4      | Noticed Natasha
  2893 | D:4      | Killed Natasha
  3112 | D:4      | You fall into a shaft and drop 2 floors!
  3126 | D:6      | Reached XP level 6. HP: 52/52 MP: 2/11
  3181 | D:6      | HP: 7/73 [wight/+0 scimitar (6)]
  3182 | D:6      | HP: 3/73 [wight/+0 short sword (5)]
  3182 | D:6      | HP: 1/73 [wight/+0 scimitar (2)]
  3184 | D:6      | Gained mutation: You have sharp fingernails. [potion of
                  | mutation]
  3184 | D:6      | Gained mutation: Your spells are a little harder to cast,
                  | but a little more powerful. [potion of mutation]
  3184 | D:6      | Gained mutation: You expend magic power (3 MP) to
                  | strengthen your wands. [potion of mutation]
  3184 | D:6      | Slain by a wight

Illustrated notes

Levels and vault maps discovered:
D:1:      sevenhm_arrival_forest_fort_small_3, layout_basic
D:2:      wander_river, layout_rooms, basic_altar, uniq_jessica, uniq_robin
D:3:      layout_loops_ring
D:4:      layout_loops_ring, nicolae_ru_the_path_less_chosen,
          nicolae_overflow_hidden_temple, uniq_natasha
D:6:      layout_gridville, nicolae_ossuary_entry_catacombs,
          kennysheep_generic_room_6

Skill      XL: |  1  2  3  4  5  6 |
---------------+-------------------+-----
Fighting       | 1 2 3 4 |  4.3
Spellcasting   | 3 4 |  4.1
Summonings     | 5 |  5.7
Dodging        | |  1.7
Stealth        | |  1.7

Action                     |  1- 3 |  4- 6 || total
---------------------------+-------+-------++-------
  Melee: Unarmed           |    13 |       ||    13
         Tailslap          |     5 |    12 ||    17
         Punch             |     1 |       ||     1
         Spear             |    24 |   102 ||   126
   Cast: Summon Small Mamm |    15 |    13 ||    28
         Call Imp          |    13 |    19 ||    32
         Call Canine Famil |       |     9 ||     9
         Summon Guardian G |       |     1 ||     1
    Use: Scroll            |       |     6 ||     6
         Potion            |       |     7 ||     7
   Stab: Sleeping          |     2 |     3 ||     5
         Distracted        |       |     2 ||     2
 Armour: Skin              |    19 |    73 ||    92
  Dodge: Dodged            |    21 |    54 ||    75
  Block: Buckler           |     3 |    13 ||    16

Table legend: (Time is in decaauts)
 A = Elapsed time spent in this place.
 B = Non-inter-level travel time spent in this place.
 C = Inter-level travel time spent in this place.
 D = Time resting spent in this place.
 E = Time spent auto-exploring this place.
 F = Levels seen in this place.
 G = Mean time per level.
                   A        B        C        D        E       F      G
               +--------+--------+--------+--------+--------+-----+--------+
         Total |   3212 |   3144 |     68 |    191 |   2330 |   5 |  642.4 |
       Dungeon |   3212 |   3144 |     68 |    191 |   2330 |   5 |  642.4 |
               +--------+--------+--------+--------+--------+-----+--------+

Top non-repeatable levels by time:
     D:1: 1006 daAuts
     D:3: 882 daAuts
     D:2: 690 daAuts
     D:4: 558 daAuts
     D:6: 75 daAuts
